 Dungeon Crawl Stone Soup version 0.25-a0-290-g4a1327ee3a (console) character file.

Game seed: 986914840704589407, levelgen mode: deterministic

1150 Kagalorn the Magician (level 8, -2/58 HPs)
             Began as a Gnoll Wizard on Dec 14, 2019.
             Slain by a centaur (6 damage)
             ... on level 5 of the Dungeon.
             The game lasted 00:17:43 (5204 turns).

Kagalorn the Magician (Gnoll Wizard)                Turns: 5204, Time: 00:17:44

Health: -2/58      AC:  6    Str: 10    XL:     8   Next: 38%
Magic:  3/19       EV: 15    Int: 25    God:
Gold:   212        SH:  0    Dex: 14    Spells: 13/22 levels left

rFire    + . .     SeeInvis .   y - +2 dagger (flame)
rCold    . . .     Gourm    .   (no shield)
rNeg     . . .     Faith    .   a - +0 robe
rPois    .         Spirit   .   x - +0 helmet
rElec    .         Reflect  .   (no cloak)
rCorr    .         Harm     .   (no gloves)
MR       .....                  v - +2 pair of boots
Stlth    +++.......             (no amulet)
HPRegen  0.19/turn              B - +3 ring of intelligence
MPRegen  0.16/turn              q - ring of protection from fire

@: very slightly contaminated
A: distributed training, fangs 1, strong nose
a: no special abilities


You were on level 5 of the Dungeon.
You were not hungry.

You visited 1 branch of the dungeon, and saw 5 of its levels.

You collected 212 gold pieces.

Inventory:

Hand Weapons
 y - a +2 dagger of flaming (weapon)
Missiles
 e - 282 stones (quivered)
 i - 37 sling bullets
 j - 32 bolts
 t - 123 arrows
Armour
 a - a +0 robe (worn)
 v - a +2 pair of boots (worn)
 x - a +0 helmet (worn)
Magical Staves
 G - an uncursed staff of cold
Jewellery
 m - an uncursed ring of positive energy
 q - a ring of protection from fire (right hand)
 u - an uncursed ring of fire
 w - an uncursed amulet of guardian spirit
 B - a +3 ring of intelligence (left hand)
 D - an uncursed ring of see invisible
Wands
 n - a wand of flame (5)
Scrolls
 b - a scroll of blinking {unknown}
 c - 5 scrolls of identify {unknown}
 h - a scroll of teleportation {unknown}
 p - a scroll of enchant armour {unknown}
 s - 5 scrolls of remove curse {unknown}
 A - a scroll of amnesia {unknown}
 C - 2 scrolls of fog {unknown}
Potions
 f - a potion of agility {unknown}
 g - a potion of resistance {unknown}
 k - a potion of mutation {unknown}
 l - a potion of haste {unknown}
 o - 2 potions of curing {unknown}
 r - 2 potions of flight {unknown}
 z - 2 potions of magic {unknown}
 E - a potion of heal wounds {unknown}
Comestibles
 d - 5 rations


   Skills:
 + Level 3.1 Fighting
 + Level 3.1 Short Blades
 + Level 3.1 Long Blades
 + Level 3.1 Axes
 + Level 3.1 Maces & Flails
 + Level 3.1 Polearms
 + Level 3.1 Staves
 + Level 3.1 Slings
 + Level 3.1 Bows
 + Level 3.1 Crossbows
 + Level 3.1 Throwing
 + Level 3.1 Armour
 + Level 5.6 Dodging
 + Level 5.3 Stealth
 + Level 3.1 Shields
 + Level 3.1 Unarmed Combat
 + Level 7.9 Spellcasting
 + Level 3.4 Conjurations
 + Level 2.5 Hexes
 + Level 2.5 Charms
 + Level 3.4 Summonings
 + Level 2.5 Necromancy
 + Level 3.4 Translocations
 + Level 2.5 Transmutations
 + Level 2.5 Fire Magic
 + Level 2.5 Ice Magic
 + Level 2.5 Air Magic
 + Level 2.5 Earth Magic
 + Level 2.5 Poison Magic
 + Level 3.5 Invocations
 + Level 3.1 Evocations


You had 13 spell levels left.
You knew the following spells:

 Your Spells              Type           Power        Failure   Level  Hunger
a - Magic Dart            Conj           ####         1%          1    None
c - Conjure Flame         Conj/Fire      ###.....     5%          3    None
e - Mephitic Cloud        Conj/Pois/Air  ###.....     6%          3    None
g - Blink                 Tloc           N/A          2%          2    None

Your spell library contained the following spells:

 Spells                   Type           Power        Failure   Level  Hunger
 Call Imp                 Summ           ####....     2%          2    None
 Slow                     Hex            ###.....     3%          2    None


Dungeon Overview and Level Annotations

Branches:
Dungeon (5/15)
 Temple: D:4-7

Altars:
Dithmenos
Nemelex Xobeh

Annotations:
D:3 Grinder


Innate Abilities, Weirdness & Mutations

Your experience applies equally to all skills.
You have very sharp teeth.
Your uncanny sense of smell can sniff out nearby items.


Message History

Confirm with . or Enter, or press ? or * to list all spells.
Aiming: Magic Dart (safe; 1% risk of failure)
Press: ? - help, Shift-Dir - straight line, f/p - centaur
Aim: a centaur, quivering 9 arrows (heavily wounded)
The magic dart hits the centaur but does no damage.
The centaur is heavily wounded.
The centaur closely misses you. The centaur hits you.
* * * LOW HITPOINT WARNING * * *
Okay, then.
Unknown command.
Casting: Magic Dart (safe; 1% risk of failure)
Confirm with . or Enter, or press ? or * to list all spells.
Aiming: Mephitic Cloud (safe; 6% risk of failure)
Press: ? - help, Shift-Dir - straight line, f/p - centaur
Aim: a centaur, quivering 9 arrows (heavily wounded) That beam is likely to hit you.
Continue anyway?
You miscast Mephitic Cloud.
You are very lightly contaminated with residual magic.
You feel slightly ill. The centaur hits you.
You die...

.#.. . .#.. #... .###...
#.... ..#....##.
#....##....#.#. #
.............. ∆ #
.............# # #..c..#
..##
###...@###...##.##.....
.........(..............
.........(..#.#.........
....##....###.#.# #.....
### ##...##.....# #....
#...........# ##....
##..........###.....
#..................
#............#.#...


You could see a centaur.

Vanquished Creatures
  Sigmund (D:4)
  An orc warrior (D:4)
  A sky beast (D:4)
  An ogre (D:4)
  A centaur (D:5)
  3 crimson imps (D:5)
  4 orc priests (D:4)
  2 hounds
  2 orc wizards (D:4)
  Natasha (thrice) (D:4)
  4 worker ants
  Robin (D:3)
  A howler monkey skeleton (D:4)
  2 adders (D:2)
  4 gnolls (D:4)
  An ooze (D:4)
  An adder zombie (D:5)
  An adder skeleton (D:4)
  2 worms
  A dart slug (D:2)
  3 leopard geckos
  11 orcs
  7 giant cockroaches
  11 goblins
  7 hobgoblins
  2 jackals
  A ball python (D:1)
  4 bats
  5 frilled lizards
  2 kobolds (D:1)
  5 rats
95 creatures vanquished.

Notes
Turn   | Place    | Note
-------+----------+-------------------------------------------
     0 | D:1      | Kagalorn the Gnoll Wizard began the quest for the Orb.
     0 | D:1      | Reached XP level 1. HP: 13/13 MP: 8/8
   123 | D:1      | Reached XP level 2. HP: 19/19 MP: 0/10
   652 | D:2      | Reached XP level 3. HP: 25/25 MP: 8/11
   656 | D:2      | Learned a level 2 spell: Blink
   660 | D:2      | Learned a level 3 spell: Conjure Flame
   664 | D:2      | Learned a level 3 spell: Mephitic Cloud
   958 | D:2      | Reached skill level 1 in Invocations
  1357 | D:3      | Reached skill level 1 in Fighting
  1357 | D:3      | Reached skill level 1 in Short Blades
  1357 | D:3      | Reached skill level 1 in Long Blades
  1357 | D:3      | Reached skill level 1 in Axes
  1357 | D:3      | Reached skill level 1 in Maces & Flails
  1357 | D:3      | Reached skill level 1 in Polearms
  1357 | D:3      | Reached skill level 1 in Staves
  1357 | D:3      | Reached skill level 1 in Slings
  1357 | D:3      | Reached skill level 1 in Bows
  1357 | D:3      | Reached skill level 1 in Crossbows
  1357 | D:3      | Reached skill level 1 in Throwing
  1357 | D:3      | Reached skill level 1 in Armour
  1357 | D:3      | Reached skill level 1 in Shields
  1357 | D:3      | Reached skill level 1 in Unarmed Combat
  1357 | D:3      | Reached skill level 1 in Evocations
  1567 | D:3      | Noticed Grinder
  1618 | D:4      | Reached XP level 4. HP: 32/32 MP: 3/13
  1799 | D:3      | Noticed Robin
  1828 | D:3      | HP: 1/32 [Robin/puff of flame (8)]
  2218 | D:3      | Killed Robin
  2218 | D:3      | Reached skill level 1 in Hexes
  2218 | D:3      | Reached skill level 1 in Charms
  2218 | D:3      | Reached skill level 1 in Necromancy
  2218 | D:3      | Reached skill level 1 in Transmutations
  2218 | D:3      | Reached skill level 1 in Fire Magic
  2218 | D:3      | Reached skill level 1 in Ice Magic
  2218 | D:3      | Reached skill level 1 in Air Magic
  2218 | D:3      | Reached skill level 1 in Earth Magic
  2218 | D:3      | Reached skill level 1 in Poison Magic
  2316 | D:4      | Reached XP level 5. HP: 37/37 MP: 6/14
  2538 | D:4      | Found a sparkling altar of Nemelex Xobeh.
  2538 | D:4      | Noticed Sigmund
  2540 | D:4      | Noticed Natasha
  2697 | D:4      | Noticed an ogre
  2740 | D:4      | Killed an ogre
  2789 | D:4      | Reached XP level 6. HP: 33/44 MP: 0/16
  3061 | D:4      | Killed Sigmund
  3061 | D:4      | Reached skill level 5 in Dodging
  3061 | D:4      | Reached XP level 7. HP: 50/50 MP: 5/18
  3496 | D:4      | Killed Natasha
  3549 | D:4      | Noticed Natasha
  3554 | D:4      | Killed Natasha
  3621 | D:4      | Noticed Natasha
  3634 | D:4      | Killed Natasha
  3651 | D:4      | Identified the +6 dagger of the Everdark {distort, rF+
                  | Int+7}
  3848 | D:4      | Reached skill level 5 in Stealth
  4213 | D:4      | Found a shadowy altar of Dithmenos.
  4304 | D:5      | Entered Level 5 of the Dungeon
  4308 | D:5      | Reached XP level 8. HP: 57/57 MP: 15/19
  5204 | D:5      | Slain by a centaur

Levels and vault maps discovered:
D:1:      dpeg_arrival_connections, layout_rooms
D:2:      layout_basic
D:3:      layout_rooms, uniq_grinder, uniq_robin
D:4:      layout_gridville, nemelex_xobeh_ov_fountains_minmay,
          kennysheep_mini_moat, st_stairs_13, guppyfry_early_orc_mine,
          uniq_sigmund, uniq_natasha
D:5:      layout_cave_pools, minmay_temple_entry_junction_2, first_ration,
          kennysheep_minor_cross, minmay_manual_mares

Skill      XL: |  1  2  3  4  5  6  7  8 |
---------------+-------------------------+-----
Conjurations   | 2 3 |  3.4
Summonings     | 2 3 |  3.4
Translocations | 2 3 |  3.4
Invocations    | 1 2 3 |  3.5
Fighting       | 1 2 3 |  3.1
Short Blades   | 1 2 3 |  3.1
Long Blades    | 1 2 3 |  3.1
Axes           | 1 2 3 |  3.1
Maces & Flails | 1 2 3 |  3.1
Polearms       | 1 2 3 |  3.1
Staves         | 1 2 3 |  3.1
Slings         | 1 2 3 |  3.1
Bows           | 1 2 3 |  3.1
Crossbows      | 1 2 3 |  3.1
Throwing       | 1 2 3 |  3.1
Armour         | 1 2 3 |  3.1
Shields        | 1 2 3 |  3.1
Unarmed Combat | 1 2 3 |  3.1
Evocations     | 1 2 3 |  3.1
Hexes          | 1 2 |  2.5
Charms         | 1 2 |  2.5
Necromancy     | 1 2 |  2.5
Transmutations | 1 2 |  2.5
Fire Magic     | 1 2 |  2.5
Ice Magic      | 1 2 |  2.5
Air Magic      | 1 2 |  2.5
Earth Magic    | 1 2 |  2.5
Poison Magic   | 1 2 |  2.5
Dodging        | 5 |  5.6
Stealth        | 5 |  5.3
Spellcasting   | |  7.9

Action                   |  1- 3 |  4- 6 |  7- 9 || total
-------------------------+-------+-------+-------++-------
Melee: Unarmed           |    19 |     9 |       ||    28
       Bite              |     1 |     1 |     6 ||     8
       Dagger            |       |     9 |    45 ||    54
       Punch             |       |       |     3 ||     3
Throw: Stone             |     1 |       |     1 ||     2
 Cast: Magic Dart        |    74 |    91 |   148 ||   313
       Mephitic Cloud    |     1 |     4 |     5 ||    10
       Conjure Flame     |     1 |     2 |     2 ||     5
       Blink             |       |       |     1 ||     1
Evoke: Wand              |       |     6 |     1 ||     7
 Stab: Confused          |       |     1 |     4 ||     5
  Eat: Chunk             |     2 |     1 |     3 ||     6
       Ration            |       |     1 |     1 ||     2
Armor: Robe              |     3 |    15 |    16 ||    34
Dodge: Dodged            |    25 |    41 |    81 ||   147

Table legend:
 A = Non-vault XP
 B = Vault XP
 C = Vault XP percentage of total XP
 D = Non-vault monster count
 E = Vault monster count
 F = Vault count percentage of total count
                 A         B        C        D         E       F
            +---------+---------+-------+---------+---------+-------
      Total |     988 |     656 |  39.9 |      73 |      22 |  23.2
            +---------+---------+-------+---------+---------+-------
        D:1 |      28 |       0 |   0.0 |      18 |       0 |   0.0
        D:2 |      45 |       0 |   0.0 |      12 |       0 |   0.0
        D:3 |      12 |      36 |  75.0 |       6 |      11 |  64.7
        D:4 |     678 |     531 |  43.9 |      27 |      10 |  27.0
        D:5 |     225 |      89 |  28.3 |      10 |       1 |   9.1
            +---------+---------+-------+---------+---------+-------
